Map: Cyber Forest LE

Players

Namshar - Winner!

  • Race: Zerg Zerg
  • Spawn Location: 5:00

RiSky

  • Race: Zerg Zerg
  • Spawn Location: 11:00

Event: 2019 WCS Summer

VOD

Have the link to the VOD?

Description

Time

  • Played on: July 12, 2019, 12:24 p.m.
  • Length: 16:30

All games in this series

Show
View Real Time Build Order
Export as new Build Order

Namshar Zerg - Winner!

Build Orders: Hatch First 

Get SALT Encoding   

  12  0:00  Drone  
  13  0:12  Overlord  
  13  0:16  Drone  
  14  0:30  Drone x2  
  16  0:47  Hatchery  
  15  0:51  Drone  
  15  0:54  Drone  
  17  1:08  Spawning Pool  
  17  1:11  Extractor  
  15  1:13  Drone  
  15  1:16  Drone  
  17  1:20  Drone  
  18  1:29  Drone  
  19  1:38  Drone  
  20  1:48  Overlord  
  20  1:55  Queen  
  20  1:59  Queen  
  20  2:00  Drone  
  25  2:02  Drone  
  26  2:10  Metabolic Boost, Drone  
  26  2:12  Drone  
  28  2:21  Drone x2  
  30  2:31  Drone  
  30  2:32  Drone  
  32  2:39  Hatchery  
  32  2:43  Drone  
  32  2:46  Overlord  
  32  2:53  Drone  
  33  3:00  Overlord  
  33  3:03  Zergling x6  
  33  3:04  Zergling x2  
  37  3:07  Zergling x4  
  37  3:10  Drone  
  37  3:11  Drone  
  41  3:14  Evolution Chamber  
  41  3:18  Drone  
  41  3:19  Drone  
  42  3:30  Overlord  
  42  3:33  Drone  
  43  3:38  Extractor  
  43  3:39  Extractor, Drone x6  
  43  3:40  Drone  
  48  3:45  Zerg Missile Weapons Level 1  
  46  3:50  Drone  
  46  3:54  Lair  
  46  3:57  Roach Warren  
  46  4:01  Drone  
  46  4:02  Drone  
  46  4:03  Drone  
  46  4:08  Zergling x4  
  49  4:12  Zergling x2  
  49  4:15  Zergling x8  
  54  4:18  Zergling x2  
  54  4:19  Zergling x2  
  54  4:20  Zergling x2  
  54  4:23  Zergling x4  
  59  4:29  Overlord  
  59  4:31  Overlord  
  59  4:44  Roach x3  
  65  4:48  Roach  
  65  4:49  Roach x2  
  65  4:52  Roach x2  
  69  4:58  Glial Reconstitution  
  66  5:12  Queen, Drone x4  
  71  5:17  Roach x4  
  71  5:19  Overseer  
  78  5:23  Overlord  
  78  5:24  Drone  
  78  5:25  Drone  
  80  5:33  Drone  
  80  5:34  Evolution Chamber  
  80  5:36  Roach  
  80  5:37  Overlord  
  80  5:40  Overlord  
  80  5:41  Overlord  
  81  5:53  Drone  
  81  5:54  Extractor  
  81  5:56  Drone  
  81  5:57  Drone x2  
  81  5:58  Drone x2  
  81  5:59  Roach x2  
  81  6:02  Roach  
  91  6:06  Zerg Ground Armor Level 1  
  91  6:11  Overlord  
  91  6:13  Roach x2  
  91  6:15  Overlord  
  95  6:18  Roach  
  95  6:21  Roach  
  101  6:25  Roach  
  101  6:26  Roach x2  
  101  6:27  Zerg Missile Weapons Level 2  
  101  6:31  Roach x2  
  109  6:34  Drone x3  
  109  6:35  Drone  
  109  6:37  Drone  
  114  6:42  Overlord  
  114  6:44  Ravager x3  
  114  6:45  Ravager  
  118  6:49  Overlord  
  118  6:56  Overlord  
  118  6:59  Drone x2  
  118  7:00  Roach  
  118  7:01  Roach x4  
  130  7:06  Roach x4  
  137  7:13  Overlord  
  137  7:14  Overlord x2  
  137  7:18  Roach x2  
  141  7:22  Extractor  
  141  7:23  Extractor  
  139  7:34  Drone x3  
  139  7:35  Roach x8  
  158  7:38  Overlord  
  158  7:41  Ravager x2  
  158  7:42  Roach  
  162  7:51  Roach x4  
  170  7:57  Roach x3  
  176  7:58  Overlord  
  176  7:59  Overlord  
  176  8:02  Ravager  
  177  8:09  Ravager  
  176  8:24  Roach x8  
  192  8:32  Hatchery  
  192  8:33  Zerg Ground Armor Level 2  
  191  8:37  Overlord x2  
  191  8:39  Pneumatized Carapace  
  191  8:40  Drone x2  
  191  8:41  Drone  
  194  8:44  Overlord  
  194  8:54  Overlord  
  192  9:04  Roach x4  
  200  9:20  Burrow, Tunneling Claws  
  198  9:28  Drone  
  198  9:29  Hydralisk Den, Roach x4  
  176  9:43  Roach x6  
  178  9:46  Queen  
  178  9:48  Drone x4  
  178  9:51  Roach x8  
  200  10:07  Grooved Spines  
  200  10:14  Spore Crawler  
  200  10:15  Spore Crawler x2  
  200  10:16  Spore Crawler  
  181  10:23  Hydralisk x8  
  181  10:28  Hydralisk x2  
  186  10:33  Roach x36  
  186  10:35  Spore Crawler  
  178  10:38  Queen x2  
  171  10:43  Hydralisk x2  
  171  10:44  Roach  
  177  10:56  Queen, Roach  
  177  11:03  Queen  
  179  11:11  Drone x3  
  180  11:12  Hydralisk x2, Lurker Den  
  180  11:13  Roach x6  
  180  11:16  Ravager x3  
  180  11:17  Ravager  
  197  11:18  Muscular Augments  
  197  11:20  Ravager  
  197  11:21  Ravager  
  199  11:30  Extractor  
  198  11:33  Overlord x2  
  198  11:43  Overlord x2  
  198  11:44  Overlord  
  187  12:06  Hydralisk x2  
  187  12:07  Roach x6  
  197  12:15  Roach x2  
  193  12:32  Roach x6  
  193  12:35  Roach x4  
  193  12:42  Hydralisk, Roach  
  193  12:43  Roach x3  
  197  12:48  Roach  
  195  13:00  Hydralisk  
  195  13:01  Roach x3  
  196  13:16  Queen  
  178  13:30  Roach  
  178  13:31  Hydralisk, Roach x15  
  178  13:32  Roach x4  
  183  13:44  Hydralisk x2  
  183  13:45  Roach x6  
  199  14:10  Roach x3  
  193  14:18  Roach x2  
  189  14:44  Hydralisk x2  
  189  14:45  Roach x4  
  199  14:52  Lurker Den  
  188  14:58  Infestation Pit  
  170  15:00  Extractor  
  170  15:01  Hydralisk x6  
  170  15:02  Roach x6  
  170  15:03  Roach x11  
  189  15:12  Roach x6  
  189  15:13  Roach x6  
  189  15:14  Roach  
  189  15:16  Spine Crawler  
  189  15:17  Spine Crawler  
  189  15:18  Spine Crawler  
  189  15:19  Spine Crawler  
  189  15:20  Hatchery  
  189  15:21  Lurker x12  
  196  15:39  Roach x3  
  188  15:45  Hydralisk x2  
  188  15:46  Roach x4  
  194  16:24  Extractor  
  193  16:26  Extractor  
Show
View Real Time Build Order
Export as new Build Order

RiSky Zerg 

Build Orders: Hatch First, Lurkers 

Get SALT Encoding   

  12  0:00  Drone  
  13  0:13  Overlord  
  13  0:17  Drone  
  14  0:31  Drone x2  
  16  0:47  Hatchery  
  15  0:51  Drone  
  15  0:55  Drone  
  17  1:10  Spawning Pool  
  16  1:12  Drone  
  16  1:15  Drone  
  18  1:19  Extractor  
  18  1:20  Drone  
  18  1:28  Drone  
  19  1:39  Drone  
  20  1:49  Overlord  
  20  1:56  Queen  
  20  2:00  Queen, Drone  
  20  2:01  Drone  
  26  2:10  Drone  
  26  2:11  Drone  
  28  2:21  Drone  
  28  2:22  Drone  
  30  2:31  Overlord  
  30  2:32  Queen  
  32  2:39  Lair, Evolution Chamber  
  32  2:40  Drone  
  32  2:42  Drone  
  33  2:46  Drone  
  34  2:53  Drone  
  34  2:55  Drone  
  36  3:04  Roach Warren, Zerg Missile Weapons Level 1  
  36  3:05  Drone x2  
  37  3:10  Drone  
  37  3:11  Drone  
  39  3:14  Drone  
  39  3:16  Drone x2  
  42  3:20  Overlord  
  42  3:22  Drone  
  42  3:24  Drone  
  44  3:28  Extractor, Drone  
  44  3:29  Extractor  
  43  3:40  Zergling x8  
  47  3:43  Zergling x2  
  47  3:53  Roach x2  
  47  3:54  Glial Reconstitution  
  51  4:03  Overlord x2  
  51  4:09  Drone  
  52  4:10  Overlord  
  52  4:23  Drone x2  
  52  4:24  Drone x2  
  56  4:31  Roach  
  56  4:32  Drone  
  56  4:35  Hatchery, Drone  
  56  4:37  Drone x3  
  60  4:41  Extractor  
  60  4:42  Roach  
  61  4:47  Roach  
  61  4:49  Ravager  
  61  4:52  Roach  
  60  4:54  Roach x2  
  60  4:57  Roach  
  60  4:58  Queen  
  64  5:01  Roach  
  64  5:06  Roach x2  
  64  5:07  Roach  
  68  5:12  Roach x2  
  71  5:19  Hatchery, Zerg Missile Weapons Level 2  
  71  5:24  Overseer  
  71  5:25  Evolution Chamber  
  71  5:28  Roach  
  72  5:31  Overlord  
  72  5:34  Drone  
  73  5:39  Overlord  
  73  5:49  Overlord  
  73  5:51  Zerg Ground Armor Level 1  
  73  5:55  Drone x5  
  78  5:57  Overlord  
  78  5:58  Overseer  
  78  6:00  Drone  
  78  6:01  Drone  
  78  6:03  Drone  
  81  6:07  Drone  
  82  6:13  Drone x2  
  82  6:14  Overlord  
  82  6:16  Drone  
  85  6:22  Roach x2  
  85  6:24  Queen  
  91  6:31  Roach x3  
  97  6:34  Roach  
  99  6:40  Roach x2  
  99  6:43  Roach x2  
  107  6:47  Overlord  
  107  6:53  Roach x2  
  111  6:55  Overlord  
  111  6:57  Overlord  
  111  6:58  Roach x2  
  115  7:05  Roach x3  
  121  7:09  Roach x2  
  121  7:12  Overlord  
  121  7:14  Roach x2  
  121  7:15  Roach  
  131  7:17  Overlord  
  131  7:20  Ravager x5  
  136  7:25  Roach x2  
  136  7:27  Roach  
  142  7:30  Ravager x2  
  142  7:32  Roach x2  
  142  7:36  Roach x2  
  152  7:39  Overlord  
  152  7:40  Roach  
  154  7:45  Roach x3  
  154  7:50  Ravager x2  
  162  7:56  Overlord  
  162  8:04  Overlord  
  162  8:05  Roach x4  
  170  8:11  Extractor  
  170  8:12  Extractor, Overlord  
  168  8:19  Drone x10  
  176  8:26  Drone x2  
  178  8:29  Pneumatized Carapace  
  178  8:31  Spire  
  178  8:32  Drone  
  178  8:42  Roach x2  
  178  8:48  Hatchery  
  181  8:49  Roach x3  
  181  8:51  Overlord  
  181  8:54  Roach  
  189  8:58  Roach x2  
  193  9:04  Overlord x2  
  178  9:45  Mutalisk x10  
  166  9:48  Queen  
  166  9:52  Mutalisk  
  190  10:00  Extractor x2  
  190  10:07  Roach x3  
  187  10:17  Roach x6  
  193  10:26  Drone x2  
  193  10:27  Drone x4  
  189  10:29  Overlord  
  189  10:31  Roach x2  
  191  10:36  Nydus Network  
  191  10:37  Roach  
  191  10:38  Roach x2  
  196  10:48  Spine Crawler  
  196  10:49  Spine Crawler  
  194  10:50  Roach x3  
  194  10:55  Roach  
  194  10:56  Roach  
  201  11:05  Spine Crawler  
  201  11:06  Spine Crawler  
  199  11:11  Zerg Ground Armor Level 2  
  195  11:30  Roach x2  
  199  11:37  Hydralisk Den, Nydus Canal  
  198  11:40  Roach  
  200  11:52  Nydus Canal  
  196  12:03  Nydus Canal  
  196  12:05  Roach x2  
  196  12:06  Grooved Spines  
  196  12:08  Lurker Den  
  197  12:20  Nydus Canal  
  197  12:21  Overseer  
  198  12:22  Drone  
  198  12:23  Drone x2  
  178  12:42  Queen  
  178  12:43  Drone x3  
  177  12:45  Roach x12  
  177  12:47  Nydus Canal  
  177  12:50  Roach x5  
  188  12:51  Roach  
  188  12:52  Roach x5  
  188  12:58  Overseer  
  173  13:18  Muscular Augments  
  173  13:19  Hydralisk x7  
  149  13:26  Hydralisk x2  
  147  13:29  Hydralisk  
  147  13:31  Hydralisk  
  145  13:36  Hydralisk x2  
  143  13:44  Nydus Canal, Hydralisk x10  
  143  13:47  Hydralisk x2  
  147  13:55  Infestation Pit  
  146  14:04  Lurker x9  
  146  14:06  Lurker  
  140  14:22  Lurker x2  
  140  14:23  Lurker x10  
  152  14:28  Roach x4  
  160  14:34  Roach x2  
  163  14:39  Roach  
  157  14:47  Roach x3  
  148  14:56  Hive  
  148  14:58  Drone  
  144  15:06  Drone x2  
  146  15:15  Hydralisk  
  148  15:27  Nydus Canal  
  148  15:29  Overseer  
  146  15:36  Roach x3  
  146  15:39  Overseer, Nydus Canal  
  148  15:44  Roach x4  
  156  15:53  Nydus Canal  
  156  15:55  Roach x3  
  156  16:07  Nydus Canal  
  154  16:12  Hatchery  
Tags
 
Add a new tag
Caveats
  • Supply blocks, unpowered buildings, or Contaminate may cause inaccurate times.
  • Supply counts are checked every 10 seconds.